 Dungeon Crawl Stone Soup version 0.26-a0-660-gc07710193c (webtiles) character file.

Game seed: 9570207320915587742

79 jiml777 the Grasshopper (level 4, -8/38 HPs)
             Began as a Gnoll Warper on Oct 7, 2020.
             Mangled by an ice beast (12 damage)
             ... on level 3 of the Dungeon.
             The game lasted 00:05:31 (2042 turns).

jiml777 the Grasshopper (Gnoll Warper)              Turns: 2042, Time: 00:05:32

Health: -8/38      AC:  7    Str: 13    XL:     4   Next: 37%
Magic:  11/11      EV: 11    Int: 16    God:
Gold:   93         SH:  4    Dex: 15    Spells: 13/13 levels left

rFire    . . .     SeeInvis .   a - +0 spear
rCold    . . .     Faith    .   o - +0 buckler
rNeg     . . .     Spirit   .   l - +0 scale mail
rPois    .         Reflect  .   (no helmet)
rElec    .         Harm     .   (no cloak)
rCorr    .         Rampage  .   (no gloves)
MR       .....                  u - +0 pair of boots
Stlth    ..........             p - amulet of regeneration
HPRegen  0.52/turn              (no ring)
MPRegen  0.12/turn              (no ring)

@: no status effects
A: distributed training, fangs 1, strong nose
a: no special abilities


You were on level 3 of the Dungeon.
You visited 1 branch of the dungeon, and saw 3 of its levels.

You collected 93 gold pieces.

Inventory:

Hand Weapons
 a - a +0 spear (weapon)
Missiles
 e - 5 boomerangs of dispersal (quivered)
 i - 2 boomerangs
 k - 41 arrows
 x - 23 sling bullets
Armour
 b - a +0 leather armour
 l - a +0 scale mail (worn)
 m - a +0 plate armour
 o - a +0 buckler (worn)
 u - a +0 pair of boots (worn)
Jewellery
 p - an amulet of regeneration (around neck)
Scrolls
 c - a scroll of fog {unknown}
 d - 2 scrolls of blinking
 g - 3 scrolls of amnesia {unknown}
 h - 2 scrolls of teleportation {unknown}
 j - 6 scrolls of identify {unknown}
 n - 2 scrolls of immolation {unknown}
 q - a scroll of fear {unknown}
 s - a scroll of random uselessness {unknown}
 t - a scroll of magic mapping {unknown}
 w - a scroll of remove curse {unknown}
 y - 2 scrolls of enchant weapon {unknown}
Potions
 f - 3 potions of haste {unknown}
 r - a potion of lignification {unknown}
 v - a potion of mutation {unknown}


   Skills:
 + Level 4.6 Fighting
 + Level 1.1 Short Blades
 + Level 1.1 Long Blades
 + Level 1.1 Axes
 + Level 1.1 Maces & Flails
 + Level 4.6 Polearms
 + Level 1.1 Staves
 + Level 1.1 Slings
 + Level 1.1 Bows
 + Level 1.1 Crossbows
 + Level 2.7 Throwing
 + Level 2.7 Armour
 + Level 4.6 Dodging
 + Level 1.1 Stealth
 + Level 1.1 Shields
 + Level 1.1 Unarmed Combat
 + Level 5.0 Spellcasting
 + Level 0.8 Conjurations
 + Level 0.8 Hexes
 + Level 0.8 Summonings
 + Level 0.8 Necromancy
 + Level 5.4 Translocations
 + Level 0.8 Transmutations
 + Level 0.8 Fire Magic
 + Level 0.8 Ice Magic
 + Level 0.8 Air Magic
 + Level 0.8 Earth Magic
 + Level 0.8 Poison Magic
 + Level 1.2 Invocations
 + Level 1.1 Evocations


You had 13 spell levels left.
You didn't know any spells.
Your spell library contained the following spells:

 Spells                   Type           Power        Failure   Level
 Blink                    Tloc           N/A          16%         2
 Gell's Gravitas          Tloc           ###.......   30%         3
 Lesser Beckoning         Tloc           ###.......   30%         3
 Teleport Other           Tloc           ###.....     30%         3
 Passage of Golubria      Tloc           N/A          71%         4


Dungeon Overview and Level Annotations

Branches:
Dungeon (3/15)

Altars:


Innate Abilities, Weirdness & Mutations

Your experience applies equally to all skills.
You have very sharp teeth.
Your uncanny sense of smell can sniff out nearby items.


Message History

You kill the kobold!
The ice beast hits you but does no damage.
You see here a +0 club.
Found a scroll labeled HICRYU VUDU.
You see here a jackal corpse.
You see here a jackal corpse.
There is an open door here.
You hit the ice beast but do no damage. Your bite misses the ice beast.
The ice beast hits you but does no damage.
You closely miss the ice beast. The ice beast hits you.
The ice beast freezes you!
* * * LOW HITPOINT WARNING * * *
You completely miss the ice beast. The ice beast hits you.
* * * LOW HITPOINT WARNING * * *
The ice beast freezes you.
* * * LOW HITPOINT WARNING * * *
You open the door. The ice beast hits you.
* * * LOW HITPOINT WARNING * * *
The ice beast freezes you!
You die...

#. ###. ##+## #... ##...##
#... #. ## ##.....#######...
#.##.### ##.......##.......
#.......###.........#.......
##.........'@Y.......'†.†....
#... ....###.........#†.....#
#...##...# ##.......##.....##
#....##..# ##.....#####.####
#..#.##<.# ##...#### #.(...
#........# #.......# #.####
##.......## #.......# #.#
###......# #...##..# #.#
#......####...##..# #.#


You could see an ice beast.

Vanquished Creatures
  An ooze (D:1)
  An adder skeleton (D:2)
  2 worms (D:2)
  3 dart slugs
  2 leopard geckos
  2 giant cockroaches
  7 goblins
  5 hobgoblins
  4 jackals (D:3)
  A quokka (D:2)
  9 bats
  6 frilled lizards (D:1)
  7 kobolds
  6 rats
56 creatures vanquished.

Vanquished Creatures (others)
  2 plants (D:2)
2 creatures vanquished.

Grand Total: 58 creatures vanquished

Notes
Turn   | Place    | Note
-------+----------+-------------------------------------------
     0 | D:1      | jiml777 the Gnoll Warper began the quest for the Orb.
     0 | D:1      | Reached XP level 1. HP: 20/20 MP: 6/6
   172 | D:1      | Reached XP level 2. HP: 25/26 MP: 7/7
   370 | D:1      | Reached XP level 3. HP: 31/31 MP: 9/9
   410 | D:1      | Reached skill level 5 in Spellcasting
   964 | D:1      | Reached skill level 1 in Invocations
  1374 | D:2      | Reached skill level 1 in Short Blades
  1374 | D:2      | Reached skill level 1 in Long Blades
  1374 | D:2      | Reached skill level 1 in Axes
  1374 | D:2      | Reached skill level 1 in Maces & Flails
  1374 | D:2      | Reached skill level 1 in Staves
  1374 | D:2      | Reached skill level 1 in Slings
  1374 | D:2      | Reached skill level 1 in Bows
  1374 | D:2      | Reached skill level 1 in Crossbows
  1374 | D:2      | Reached skill level 1 in Stealth
  1374 | D:2      | Reached skill level 1 in Shields
  1374 | D:2      | Reached skill level 1 in Unarmed Combat
  1374 | D:2      | Reached skill level 1 in Evocations
  1392 | D:2      | Reached XP level 4. HP: 30/38 MP: 11/11
  1978 | D:3      | Noticed an ice beast
  2042 | D:3      | Mangled by an ice beast

Illustrated notes

Levels and vault maps discovered:
D:1:      sevenhm_arrival_forest_fort_small_4, layout_basic,
          minmay_split_cup_small
D:2:      layout_basic, serial_forest, infiniplex_forest_lined_4_way,
          infiniplex_forest_straight_1, infiniplex_forest_lined_2,
          infiniplex_forest_lined_room_, infiniplex_forest_lined_2,
          infiniplex_forest_clump_medium, infiniplex_forest_straight_2,
          infiniplex_forest_corner_1, minmay_circle_x
D:3:      layout_loops_corners, uniq_sigmund, uniq_crazy_yiuf_cottage

Skill      XL: |  1  2  3 |
---------------+----------+-----
Spellcasting   | 5 |  5.0
Invocations    | 1 |  1.2
Short Blades   | 1 |  1.1
Long Blades    | 1 |  1.1
Axes           | 1 |  1.1
Maces & Flails | 1 |  1.1
Staves         | 1 |  1.1
Slings         | 1 |  1.1
Bows           | 1 |  1.1
Crossbows      | 1 |  1.1
Stealth        | 1 |  1.1
Shields        | 1 |  1.1
Unarmed Combat | 1 |  1.1
Evocations     | 1 |  1.1
Fighting       | |  4.6
Polearms       | |  4.6
Throwing       | |  2.7
Armour         | |  2.7
Dodging        | |  4.6
Conjurations   | |  0.8
Hexes          | |  0.8
Summonings     | |  0.8
Necromancy     | |  0.8
Translocations | |  5.4
Transmutations | |  0.8
Fire Magic     | |  0.8
Ice Magic      | |  0.8
Air Magic      | |  0.8
Earth Magic    | |  0.8
Poison Magic   | |  0.8

Action                   |  1- 3 |  4- 6 || total
-------------------------+-------+-------++-------
Melee: Spear             |   176 |   124 ||   300
       Bite              |    13 |    22 ||    35
Armor: Leather armour    |    16 |       ||    16
       Scale mail        |    40 |    36 ||    76
Dodge: Dodged            |   105 |    48 ||   153
Block: Buckler           |    15 |    15 ||    30

Table legend: (Time is in decaauts)
 A = Elapsed time spent in this place.
 B = Non-inter-level travel time spent in this place.
 C = Inter-level travel time spent in this place.
 D = Time resting spent in this place.
 E = Time spent auto-exploring this place.
 F = Levels seen in this place.
 G = Mean time per level.
                   A        B        C        D        E       F      G
               +--------+--------+--------+--------+--------+-----+--------+
         Total |   2009 |   1971 |     38 |     44 |   1200 |   3 |  669.7 |
       Dungeon |   2009 |   1971 |     38 |     44 |   1200 |   3 |  669.7 |
               +--------+--------+--------+--------+--------+-----+--------+

Top non-repeatable levels by time:
     D:1: 1201 daAuts
     D:2: 719 daAuts
     D:3: 89 daAuts
